 Dungeon Crawl Stone Soup version 0.31.0-12-g77e489cdc1 (webtiles) character file.

Game seed: 14508007400686956095

380 PaiMei the Grave Robber (level 6, -2/46 HPs)
             Began as a Demonspawn Necromancer on Feb 20, 2024.
             Incinerated by a bombardier beetle (4 damage)
             ... with a burning spray
             ... on level 4 of the Dungeon.
             The game lasted 00:05:49 (3435 turns).

PaiMei the Grave Robber (Demonspawn Necromancer)    Turns: 3435, Time: 00:05:49

Health: -2/46      AC:  6    Str: 11    XL:     6   Next: 46%
Magic:  11/11      EV: 15    Int: 17    God:
Gold:   154        SH:  0    Dex: 17    Spells: 8/12 levels left

rFire   . . .        t - +5 dagger of Niygazxao {venom, Str+3 Dex+3}
rCold   + . .        (no shield)
rNeg    . . .        p - +2 robe {rC+}
rPois   +            (no helmet)
rElec   .            r - +1 cloak
rCorr   .            (no gloves)
SInv    .            (no boots)
Will    .....        (no amulet)
Stlth   +            h - ring of poison resistance
HPRegen 0.27/turn    (no ring)
MPRegen 0.12/turn

%: no passive effects
@: on fire, glowing
A: hooves 1, repulsion field 1
a: no special abilities


You were on level 4 of the Dungeon.
You visited 1 branch of the dungeon, and saw 4 of its levels.

You collected 154 gold pieces.

Inventory:

Hand Weapons
 f - the +0 short sword of Tortfeasance {elec, rCorr Dex+3}
   (You found it on level 2 of the Dungeon)

   Dex+3:     It affects your dexterity (+3).
   rCorr:     It protects you from acid and corrosion.
 s - a +4 quarterstaff of chaos
 t - the +5 dagger of Niygazxao (weapon) {venom, Str+3 Dex+3}
   (You found it on level 2 of the Dungeon)

   Str+3:     It affects your strength (+3).
   Dex+3:     It affects your dexterity (+3).
Missiles
 n - 4 poisoned darts (quivered)
Armour
 p - a +2 robe of cold resistance (worn)
 r - a +1 cloak (worn)
Jewellery
 h - a ring of poison resistance (left hand)
Wands
 q - a wand of flame (10)
Scrolls
 a - a scroll of blinking {unknown}
 d - a scroll of amnesia {unknown}
 e - 5 scrolls of enchant weapon {unknown}
 j - a scroll of teleportation {unknown}
 k - 4 scrolls of identify {unknown}
 l - a scroll of poison {unknown}
Potions
 b - a potion of magic
 c - 2 potions of berserk rage {unknown}
 g - a potion of invisibility {unknown}
 i - 2 potions of curing {unknown}
 m - a potion of might {unknown}


   Skills:
 + Level 2.8 Fighting
 + Level 3.4 Dodging
 - Level 2.0 Stealth
 + Level 3.5 Spellcasting
 + Level 5.7 Necromancy


You had 8 spell levels left.
You knew the following spells:

 Your Spells              Type           Power      Damage    Failure   Level
a - Necrotise             Necr           88%        1d8       1%          1
b - Vampiric Draining     Necr           22%        2d7       4%          3

Your spell library contained the following spells:

 Spells                   Type           Power      Damage    Failure   Level
 Animate Dead             Necr           22%        N/A       16%         4
 Apportation              Tloc           6%         N/A       17%         1
 Jinxbite                 Hex            6%         N/A       26%         2
 Static Discharge         Conj/Air       6%         3-4/arc   26%         2
 Curse of Agony           Necr           22%        N/A       41%         5
 Airstrike                Air            1%         2d(1-17)  86%         4
 Summon Lightning Spire   Summ/Air       3%         N/A       86%         4
 Alistair's Intoxication  Alch           2%         N/A       99%         5
 Yara's Violent Unravell  Hex/Alch       1%         3d3       99%         5
 Enfeeble                 Hex            1%         N/A       100%        7
 Chain Lightning          Conj/Air       1%         3d2       100%        9
 Fire Storm               Conj/Fire      1%         8d1       100%        9
 Shatter                  Erth           1%         3d6*      100%        9


Dungeon Overview and Level Annotations

Branches:
Dungeon (4/15)
 Temple: D:4-7

Altars:

Shops:
D:3 =


Innate Abilities, Weirdness & Mutations

You have large cloven feet.
You are surrounded by a mild repulsion field. (EV +2)


Message History

The phantom is heavily damaged.
The phantom barely misses you.
The bombardier beetle sprays incendiary fluid at you.
The burning spray hits you.
You are covered in liquid fire!
You barely miss the phantom.
The phantom is heavily damaged.
The liquid fire burns you! The phantom closely misses you.
You hit the phantom. You kick the phantom.
The phantom is severely damaged.
The liquid fire burns you! The phantom hits you.
You hit the phantom.
The phantom is severely damaged.
The liquid fire burns you! The phantom hits you.
The phantom blinks!
You blink.
Found a book of Displacement and 18 gold pieces.
You shake off some of the fire as you move.
The liquid fire burns you! The phantom hits you.
You closely miss the phantom.
The phantom is severely damaged.
The liquid fire burns you!
* * * LOW HITPOINT WARNING * * *
The phantom completely misses you.
You hit the phantom.
The phantom is severely damaged.
The liquid fire burns you!
* * * LOW HITPOINT WARNING * * *
The phantom misses you.
You hit the phantom but do no damage.
The phantom is severely damaged.
The liquid fire burns you!
* * * LOW HITPOINT WARNING * * *
The phantom hits you but does no damage.
You hit the phantom. You kick the phantom.
The phantom is almost destroyed.
The liquid fire burns you!
You die...

######## ### ####
#......# #<# #....
#......# #†#
...#.##...?..#####.#####
#...........+..........
#...........#####'###..
#.@W............#
#..........B....#
......:...#.)B.......#
.##.......#....###+###
..$.##.......##....#
###. #....... .#.... #
#.##..### .# ... ##.....
.# .. ###.### ## .


You could see a phantom and a bombardier beetle.

Vanquished Creatures
  Sigmund (D:2)
  Crazy Yiuf (D:2)
  Terence (D:2)
  Natasha (thrice) (D:2)
  4 adders
  3 ribbon worms (D:3)
  An orc (D:4)
  6 endoplasms
  2 giant cockroaches (D:1)
  6 goblins
  3 hobgoblins
  3 jackals (D:2)
  2 quokkas
  8 ball pythons
  3 bats
  4 frilled lizards
  A kobold (D:1)
  3 rats (D:1)
55 creatures vanquished.

Vanquished Creatures (collateral kills)
  An endoplasm (D:2)
  A hobgoblin (D:1)
  A bat (D:2)
3 creatures vanquished.

Grand Total: 58 creatures vanquished

Notes
Turn   | Place    | Note
-------+----------+-------------------------------------------
     0 | D:1      | PaiMei the Demonspawn Necromancer began the quest for the
                  | Orb.
     0 | D:1      | Reached XP level 1. HP: 13/13 MP: 3/3
   131 | D:1      | You fall into a shaft and drop 1 floor!
   148 | D:2      | Identified the +0 short sword of Tortfeasance {elec, rCorr
                  | Dex+3}
   163 | D:2      | Gained mutation: You have large cloven feet. [demonic
                  | ancestry]
   163 | D:2      | Reached XP level 2. HP: 19/19 MP: 0/5
   360 | D:2      | Noticed Terence
   375 | D:2      | Killed Terence
   376 | D:2      | Gained mutation: You are surrounded by a mild repulsion
                  | field. (EV +2) [demonic ancestry]
   376 | D:2      | Reached XP level 3. HP: 8/25 MP: 0/6
   377 | D:2      | Reached skill level 1 in Fighting
  1372 | D:1      | Reached XP level 4. HP: 32/32 MP: 4/7
  1700 | D:2      | Found a faded altar of an unknown god.
  1851 | D:2      | Identified the +5 dagger of Niygazxao {venom, Str+3 Dex+3}
  1937 | D:2      | Noticed Natasha
  1951 | D:2      | Killed Natasha
  1952 | D:2      | Reached skill level 5 in Necromancy
  2079 | D:2      | Found a runed translucent door.
  2080 | D:2      | Noticed Crazy Yiuf
  2095 | D:2      | Noticed Natasha
  2102 | D:2      | Killed Natasha
  2202 | D:2      | Noticed Sigmund
  2210 | D:2      | Killed Sigmund
  2211 | D:2      | Reached XP level 5. HP: 39/39 MP: 3/10
  2211 | D:2      | Reached XP level 6. HP: 46/46 MP: 3/11
  2514 | D:2      | Noticed Natasha
  2530 | D:2      | Killed Natasha
  2602 | D:2      | Killed Crazy Yiuf
  2716 | D:2      | Learned a level 3 spell: Vampiric Draining
  2830 | D:3      | Found Soedgh Efug's Jewellery Boutique.
  3434 | D:4      | HP: 2/46 [burnt (4)]
  3435 | D:4      | Incinerated by a bombardier beetle

Illustrated notes

Levels and vault maps discovered:
D:1:      roderic_chinese_lattice_arrival, layout_loops_corners,
          kennysheep_boxes
D:2:      layout_loops_ring, basic_ecumenical_altar, minmay_misc_feat_pillars,
          fountainhead, uniq_sigmund, uniq_terence, uniq_natasha,
          uniq_crazy_yiuf_cottage
D:3:      layout_loops_ring, serial_shops, shop, grunt_ministairs_9,
          skrybe_limestone_x
D:4:      layout_basic, minmay_vboxes, uniq_ijyb, uniq_robin

Skill      XL: |  1  2  3  4 |
---------------+-------------+-----
Dodging        | 2 3 |  3.4
Stealth        | 2 |  2.0
Fighting       | 1 2 |  2.8
Necromancy     | 5 |  5.7
Spellcasting   | 3 |  3.5

Action                     |  1- 3 |  4- 6 || total
---------------------------+-------+-------++-------
  Melee: Unarmed           |     3 |       ||     3
         Short sword       |    13 |    10 ||    23
         Kick              |     3 |    20 ||    23
         Dagger            |       |    43 ||    43
   Cast: Necrotise         |    41 |    58 ||    99
         Vampiric Draining |       |     1 ||     1
   Stab: Sleeping          |       |     3 ||     3
 Armour: Robe              |     8 |    37 ||    45
  Dodge: Dodged            |    13 |    41 ||    54
